 Dungeon Crawl Stone Soup version 0.30.1-11-g7821555f0a (webtiles) character file.

Game seed: 448016450956447710

5 Ijustatesigmund the Digger (level 1, 15/15 HPs)
             Began as a Minotaur Earth Elementalist on Dec 1, 2023.
             Got out of the dungeon alive.
             The game lasted 00:00:51 (264 turns).

Ijustatesigmund the Digger (MiEE)                    Turns: 264, Time: 00:00:51

Health: 15/15      AC:  2    Str: 12    XL:     1   Next: 66%
Magic:  2/2        EV: 12    Int: 12    God:
Gold:   30         SH:  0    Dex: 10    Spells: 2/3 levels left

rFire   . . .        (no weapon)
rCold   . . .        (no shield)
rNeg    . . .        a - +0 robe
rPois   .            (helmet restricted)
rElec   .            (no cloak)
rCorr   .            (no gloves)
SInv    .            (no boots)
Will    .....        (no amulet)
Stlth   ++           (no ring)
HPRegen 0.22/turn    (no ring)
MPRegen 0.08/turn

%: no passive effects
@: no status effects
A: horns 2, retaliatory headbutt
a: no special abilities


You escaped.
You visited 1 branch of the dungeon, and saw 1 of its levels.

You collected 30 gold pieces.

Inventory:

Armour
 a - a +0 robe (worn)
 c - a +0 helmet
Potions
 b - a potion of magic


   Skills:
 + Level 0.6 Fighting
 - Level 2.1 Dodging
 - Level 1.5 Stealth
 + Level 1.5 Spellcasting
 - Level 0.7 Transmutations
 + Level 2.5 Earth Magic


You had 2 spell levels left.
You knew the following spells:

 Your Spells              Type           Power      Damage    Failure   Level
a - Sandblast             Erth           14%        2d6       10%         1

Your spell library contained the following spells:

 Spells                   Type           Power      Damage    Failure   Level
 Passwall                 Tmut/Erth      3%         N/A       22%         2
 Stone Arrow              Conj/Erth      6%         3d7       45%         3
 Petrify                  Tmut/Erth      4%         N/A       82%         4


Dungeon Overview and Level Annotations

Branches:
Dungeon (1/15)

Altars:


Innate Abilities, Weirdness & Mutations

You have a pair of horns on your head.
You reflexively headbutt those who attack you in melee.


Message History

The jackal is moderately wounded.
The jackal bites you but does no damage.
You hit the jackal.
The jackal is heavily wounded.
The jackal bites you. The jackal barely misses you.
You closely miss the jackal.
The jackal is heavily wounded.
The jackal bites you.
Casting: Sandblast (safe; 11% risk of failure)
Confirm with . or Enter, or press ? or * to list all spells.
Aiming: Sandblast (safe; 11% risk of failure)
Press: ? - help, Shift-Dir - straight line, f - jackal
Aim: a jackal (heavily wounded, 76% to hit)
The blast of sand hits the jackal but does no damage.
The jackal is heavily wounded.
The jackal closely misses you. The jackal misses you.
You hit the jackal.
The jackal is severely wounded.
The jackal misses you. The jackal closely misses you.
You hit the jackal.
The jackal is almost dead.
The jackal closely misses you. You furiously retaliate!
You headbutt the jackal!
You kill the jackal!
Things that are here:
a jackal corpse; a jackal corpse You start resting.
HP restored.
You start resting.
Magic restored.
You start waiting.
Done waiting.
You see here a +0 helmet.
c - a +0 helmet
Okay, then.
Clearing monster memory.
You see here 9 stones.
There is a staircase leading out of the dungeon here.
Are you sure you want to leave the Dungeon?
This will make you lose the game!
You have escaped!

........# #.# ........# #.#
........########.#######
........................ ###
........########.######### ....
.##.....# #.#.......##....
........########.#.............
..............##.#.............
............(.##@#.............
..............####.......####..
.##..............#.......####..
..#######......................
...........................#...
......................:....# .
...........................# .
........[..#.....#.##......#...
......######.....#†##..........


There were no monsters in sight!

Vanquished Creatures
  A hobgoblin (D:1)
  3 jackals (D:1)
4 creatures vanquished.

Notes
Turn   | Place    | Note
-------+----------+-------------------------------------------
     0 | D:1      | Ijustatesigmund the Minotaur Earth Elementalist began the
                  | quest for the Orb.
     0 | D:1      | Reached XP level 1. HP: 14/14 MP: 1/1
   264 | D:$      | Got out of the dungeon alive.

Illustrated notes

Levels and vault maps discovered:
D:1:      lemuel_arrival_cross, layout_basic,
          wander_ebering_terrifying_dragon_lair

Action                     || total
---------------------------++-------
  Melee: Unarmed           ||    17
   Cast: Sandblast         ||     3
 Armour: Robe              ||     5
  Dodge: Dodged            ||    16
